 Dungeon Crawl Stone Soup version 0.29-a0-322-g68df515428 (webtiles) character file.

Game seed: 12806675764730804690

10 BritishOli the Skirmisher (level 2, 20/24 HPs)
             Began as a Demonspawn Monk on Apr 9, 2022.
             Got out of the dungeon alive.
             The game lasted 00:01:22 (625 turns).

BritishOli the Skirmisher (Demonspawn Monk)          Turns: 625, Time: 00:01:23

Health: 20/24      AC:  3    Str: 11    XL:     2   Next: 10%
Magic:  2/2        EV: 12    Int: 13    God:
Gold:   49         SH:  0    Dex: 15    Spells: 1/1 levels left

rFire   . . .      SeeInvis .   a - +0 falchion
rCold   . . .      Faith    .   (no shield)
rNeg    . . .      Spirit   .   d - +0 leather armour
rPois   .          Reflect  .   (no helmet)
rElec   .          Harm     .   (no cloak)
rCorr   .          Rampage  .   (no gloves)
Will    .....                   (no boots)
Stlth   ++........              (no amulet)
HPRegen 0.08/turn               (no ring)
MPRegen 0.08/turn               (no ring)

@: no status effects
A: big brain 1
a: no special abilities


You escaped.
You visited 1 branch of the dungeon, and saw 1 of its levels.

You collected 49 gold pieces.

Inventory:

Hand Weapons
 a - a +0 falchion (weapon)
Armour
 d - a +0 leather armour (worn)
Scrolls
 b - a scroll of enchant armour {unknown}
Potions
 c - a potion of ambrosia


   Skills:
 + Level 3.1 Fighting
 + Level 2.8 Long Blades
 + Level 0.4 Armour
 + Level 2.8 Dodging
 + Level 2.0 Stealth


You had one spell level left.
You didn't know any spells.
Your spell library was empty.

Dungeon Overview and Level Annotations

Branches:
Dungeon (1/15)

Altars:

Shops:
D:1 (


Innate Abilities, Weirdness & Mutations

You have an unusually large brain. (Int +2)


Message History

There is a stone staircase leading down here.
Key pressed, stopping explore.
No target in view!
No target in view!
No target in view!
A hobgoblin comes into view.
A quokka comes into view.
There are monsters nearby!
The hobgoblin misses you.
You see here 3 gold pieces.
You hit the hobgoblin but do no damage.
The hobgoblin hits you but does no damage.
The quokka bites you.
You hit the hobgoblin.
The hobgoblin is moderately wounded.
The hobgoblin misses you. The quokka bites you.
You hit the hobgoblin.
You kill the hobgoblin!
The quokka bites you.
Your Stealth skill increases to level 2!
You have reached level 2!
Your demonic ancestry asserts itself...
Your brain expands.
You hit the quokka but do no damage. The quokka closely misses you.
The quokka barely misses you.
You hit the quokka.
The quokka is heavily wounded.
The quokka closely misses you.
You slash the quokka!
You kill the quokka!
No target in view!
No target in view!
(D) Dungeon
Where to? (? - help)
Okay, then.
You open the door.
There is an open door here.
There is a staircase leading out of the dungeon here.
Are you sure you want to leave the Dungeon?
This will make you lose the game!
You have escaped!

...# #.#..#.#.....##############.
...# #.#..#.......# P... #####.
...###.#..###.....# .P..P #.....
......[#..# #...#.#♣.PPP. #.##..
.......#..###...#.#PP.P.P #.##..
.......#..........#P.P.PP #.##..
.......#.#####....#.P.PPP #.##.#
.......#.# #....#♣.P♣P. #.##.#
.......#.# #..@.#PP.P♣. #.##.#
......##.# #....#.P..P♣ #.....
########.# #....#P♣.PP. ####.#
#.#####....#PPPPPP ####.#
#........#.#♣PPP. #.##..
######...#.#.PPP. #...(.
#########.........#.PPP. #.....
#.............#...#P.PPP #.^...
#.................##########'####


There were no monsters in sight!

Vanquished Creatures
  A dart slug (D:1)
  A giant cockroach (D:1)
  2 hobgoblins (D:1)
  2 quokkas (D:1)
  A rat (D:1)
7 creatures vanquished.

Notes
Turn   | Place    | Note
-------+----------+-------------------------------------------
     0 | D:1      | BritishOli the Demonspawn Monk began the quest for the Orb.
     0 | D:1      | Reached XP level 1. HP: 18/18 MP: 1/1
    67 | D:1      | Found Gothycra's Antique Weapon Shoppe.
   578 | D:1      | Gained mutation: You have an unusually large brain. (Int
                  | +2) [demonic ancestry]
   578 | D:1      | Reached XP level 2. HP: 17/24 MP: 2/2
   625 | D:$      | Got out of the dungeon alive.

Illustrated notes

Levels and vault maps discovered:
D:1:      minmay_arrival_arboretum_small, layout_basic, serial_shops, shop

Skill      XL: |  1 |
---------------+----+-----
Stealth        | 2 |  2.0
Fighting       | |  3.1
Long Blades    | |  2.8
Armour         | |  0.4
Dodging        | |  2.8

Action                   || total
-------------------------++-------
Melee: Falchion          ||    20
 Stab: Sleeping          ||     1
Armor: Leather armour    ||     1
Dodge: Dodged            ||    16

Table legend: (Time is in decaauts)
 A = Elapsed time spent in this place.
 B = Non-inter-level travel time spent in this place.
 C = Inter-level travel time spent in this place.
 D = Time resting spent in this place.
 E = Time spent auto-exploring this place.
 F = Levels seen in this place.
 G = Mean time per level.
                   A        B        C        D        E       F      G
               +--------+--------+--------+--------+--------+-----+--------+
         Total |    628 |    585 |     43 |      0 |    498 |   1 |  628.0 |
       Dungeon |    628 |    585 |     43 |      0 |    498 |   1 |  628.0 |
               +--------+--------+--------+--------+--------+-----+--------+

Top non-repeatable levels by time:
     D:1: 628 daAuts
